 Dungeon Crawl Stone Soup version 0.20.0-15-g7f486f2 (webtiles) character file.

305 Chiseanne the Magician (level 6, 41/41 HPs)
             Began as a Demonspawn Wizard on June 14, 2017.
             Quit the game on level 4 of the Dungeon.
             The game lasted 00:06:09 (4236 turns).

Chiseanne the Magician (Demonspawn Wizard)          Turns: 4236, Time: 00:06:10

Health: 41/41      AC:  8    Str:  7    XL:     6   Next: 15%
Magic:  0/13       EV: 12    Int: 21    God:
Gold:   139        SH:  0    Dex: 12    Spells: 6/15 levels left

rFire    . . .     SeeInvis .   g - +4 dagger (flame)
rCold    . . .     Gourm    .   (no shield)
rNeg     . . .     Faith    .   a - +0 robe
rPois    .         Spirit   .   b - +1 hat
rElec    .         Reflect  .   (no cloak)
rCorr    .         Harm     .   (no gloves)
MR       .....                  h - +0 pair of boots
Stlth    ++........             (no amulet)
Regen    1.2/turn               (no ring)
MPRegen  0.2/turn               (no ring)

@: no status effects
A: antennae 1, iridescent scales 2, powered by death 1
a: no special abilities


You were on level 4 of the Dungeon.
You were not hungry.

You visited 1 branch of the dungeon, and saw 4 of its levels.

You collected 139 gold pieces.

Inventory:

Hand Weapons
 g - a +4 dagger of flaming (weapon)
Missiles
 c - 5 javelins
 j - 25 arrows
 p - 202 stones (quivered)
 r - 21 poisoned needles
 x - 4 tomahawks
 y - 23 sling bullets
Armour
 a - a +0 robe (worn)
 b - a +1 hat (worn)
 h - a +0 pair of boots (worn)
Scrolls
 e - 2 scrolls of teleportation
 i - 5 scrolls of remove curse
 q - a scroll of magic mapping
 v - 2 scrolls of recharging
Potions
 f - a potion of might
 k - 2 potions of mutation
 l - 2 potions of curing
 m - a potion of heal wounds {unknown}
 o - a potion of resistance {unknown}
 s - a potion of haste {unknown}
 t - a potion of flight
 u - a potion of cancellation {unknown}
Comestibles
 d - 3 bread rations
 n - 3 royal jellies


   Skills:
 - Level 1.7 Dodging
 - Level 1.7 Stealth
 * Level 5.0 Spellcasting
 * Level 4.4 Conjurations
   Level 1.0 Summonings
 - Level 0.8 Translocations


You had 6 spell levels left.
You knew the following spells:

 Your Spells              Type           Power        Failure   Level  Hunger
a - Magic Dart            Conj           ###.         1%          1    None
b - Blink                 Tloc           N/A          12%         2    None
c - Conjure Flame         Conj/Fire      ##......     13%         3    ##.....
d - Mephitic Cloud        Conj/Pois/Air  ##......     19%         3    ##.....


Dungeon Overview and Level Annotations

Branches:
Dungeon (4/15)
 Temple: D:4-7

Altars:
Dithmenos
Okawaru
Uskayaw
Zin


Innate Abilities, Weirdness & Mutations

You have a pair of small antennae on your head.
You are mostly covered in iridescent scales. (AC +4)
You regenerate a little health from kills.


Message History

Aiming: Magic Dart
Press: ? - help, Shift-Dir - straight line, f/p - phantom
Aim: a phantom (severely damaged)
The magic dart hits the phantom.
The phantom is almost destroyed.
The phantom closely misses you.
Casting: Magic Dart
Confirm with . or Enter, or press ? or * to list all spells.
Aiming: Magic Dart
Press: ? - help, Shift-Dir - straight line, f/p - phantom
Aim: a phantom (almost destroyed)
The magic dart hits the phantom.
You destroy the phantom!
Your Spellcasting skill increases to level 5!
You have reached level 6!
Your experience leads to an increase in your attributes!
Increase (S)trength, (I)ntelligence, or (D)exterity?
You feel clever.
Your demonic ancestry asserts itself...
A pair of antennae grows on your head!
Are you sure you want to abandon this character and quit the game? (Confirm with "yes".)

#....)..# . #.......#
.. #.......# ...
.......## ....
.......##### .....
##..........
###...####...........
.............@.......
###.####<............
##............
#............
#............
#............
##...........
##.....##... #####


There were no monsters in sight!

Vanquished Creatures
  A phantom (D:4)
  An orc priest (D:3)
  An orc wizard (D:3)
  Natasha (thrice) (D:3)
  An adder skeleton (D:4)
  2 worms
  2 dart slugs
  3 leopard geckos
  4 orcs (D:3)
  2 giant cockroaches
  7 goblins
  6 hobgoblins
  7 jackals (D:2)
  3 quokkas (D:3)
  A ball python (D:1)
  8 bats
  A frilled lizard (D:1)
  7 kobolds
  6 rats
66 creatures vanquished.

Notes
Turn   | Place    | Note
-------+----------+-------------------------------------------
     0 | D:1      | Chiseanne the Demonspawn Wizard began the quest for the Orb.
     0 | D:1      | Reached XP level 1. HP: 13/13 MP: 4/4
   533 | D:1      | Gained mutation: You are partially covered in iridescent scales. (AC +2) [demonic ancestry]
   533 | D:1      | Reached XP level 2. HP: 15/19 MP: 0/6
  1116 | D:2      | Found a hide-covered altar of Uskayaw.
  1119 | D:2      | Found a glowing silver altar of Zin.
  1124 | D:2      | Found a shadowy altar of Dithmenos.
  1453 | D:2      | Reached XP level 3. HP: 16/24 MP: 4/7
  2345 | D:2      | Learned a level 2 spell: Blink
  2349 | D:2      | Learned a level 3 spell: Conjure Flame
  2353 | D:2      | Learned a level 3 spell: Mephitic Cloud
  2496 | D:3      | Noticed Natasha
  2507 | D:3      | Killed Natasha
  2507 | D:3      | Gained mutation: You are mostly covered in iridescent scales. (AC +4) [demonic ancestry]
  2507 | D:3      | Reached XP level 4. HP: 10/30 MP: 0/9
  2712 | D:3      | Found an iron altar of Okawaru.
  2870 | D:3      | Reached skill level 4 in Spellcasting
  2944 | D:3      | Noticed Natasha
  2950 | D:3      | Killed Natasha
  3416 | D:3      | Noticed Natasha
  3420 | D:3      | Killed Natasha
  3420 | D:3      | Gained mutation: You regenerate a little health from kills. [demonic ancestry]
  3420 | D:3      | Reached XP level 5. HP: 35/35 MP: 5/11
  4073 | D:4      | Noticed a phantom
  4235 | D:4      | Killed a phantom
  4235 | D:4      | Reached skill level 5 in Spellcasting
  4235 | D:4      | Gained mutation: You have a pair of small antennae on your head. [demonic ancestry]
  4235 | D:4      | Reached XP level 6. HP: 41/41 MP: 0/13
  4236 | D:4      | Quit the game

Skill      XL: |  1  2  3  4  5 |
---------------+----------------+-----
Conjurations   | 2 3 4 |  4.4
Spellcasting   | 4 5 |  5.0
Dodging        | |  1.7
Stealth        | |  1.7
Summonings     | |  1.0
Translocations | |  0.8

Action                   |  1- 3 |  4- 6 || total
-------------------------+-------+-------++-------
Melee: Short sword       |    25 |       ||    25
       Unarmed           |     1 |       ||     1
       Dagger            |     2 |     6 ||     8
 Cast: Magic Dart        |   106 |    91 ||   197
       Mephitic Cloud    |       |     1 ||     1
  Use: Scroll            |    10 |     3 ||    13
       Potion            |     1 |       ||     1
  Eat: Chunk             |     5 |     5 ||    10
Armor: Robe              |    14 |     6 ||    20
Dodge: Dodged            |    27 |    17 ||    44
